 Dungeon Crawl Stone Soup version 0.30-a0-778-g2ef04afb54 (webtiles) character file.

Game seed: 6679092434670561850

3600 sanka the Spear-Bearer (level 9, -7/65 HPs)
             Began as a Mummy Chaos Knight on Feb 17, 2023.
             Was a Believer of Lugonu.
             Mangled by an orc warrior
             ... wielding a +0 battleaxe
              (9 damage)
             ... on level 8 of the Dungeon.
             The game lasted 00:19:31 (6998 turns).

sanka the Spear-Bearer (Mummy Chaos Knight)         Turns: 6998, Time: 00:19:32

Health: -7/65      AC: 10    Str: 19    XL:     9   Next: 85%
Magic:  0/11       EV: 11    Int: 12    God:    Lugonu [**....]
Gold:   339        SH:  0    Dex: 11    Spells: 8/8 levels left

rFire   x . .      SeeInvis .    a - +4 trident of Byihenko {flame, +Blink rElec rCorr}
rCold   + . .      Faith    +    (no shield)
rNeg    + + +      Spirit   +    I - +2 leather armour
rPois   ∞          Reflect  .    (no helmet)
rElec   +          Harm     .    (no cloak)
rCorr   +          Rampage  .    (no gloves)
Will    +....                    v - +0 pair of boots
Stlth   +                        j - amulet of guardian spirit
HPRegen 0.30/turn                s - +4 ring of protection
MPRegen 0.12/turn                H - ring of wizardry

@: no status effects
A: cold resistance 1, negative energy resistance 3, torment resistance 2, heat
vulnerability 1, in touch with death 1, no potions, faith
a: Renounce Religion, Evoke Blink, Depart the Abyss, Banish


You were on level 8 of the Dungeon.
You worshipped Lugonu.
Lugonu was pleased with you.
You visited 1 branch of the dungeon, and saw 9 of its levels.
You visited the Abyss 1 time.
You also visited: Ossuary.

You collected 391 gold pieces.
You spent 52 gold pieces at shops.


Innate Abilities, Weirdness & Mutations

You are immune to poison.
Your flesh is cold resistant. (rC+)
You are immune to negative energy. (rN+++)
You are immune to unholy pain and torment.
You are vulnerable to heat. (rF-)
You are in touch with the powers of death.
You do not drink.
You have a special connection with the divine. (Faith)


   Skills:
 + Level 4.1 Fighting
 - Level 3.2(7.7) Axes
 - Level 10.9(11.2) Polearms
 - Level 1.5 Armour
 - Level 0.7 Dodging
 + Level 3.1 Invocations


You had 8 spell levels left.
You didn't know any spells.
Your spell library contained the following spells:

 Spells                   Type           Power      Damage    Failure   Level
 Lesser Beckoning         Tloc           0%         N/A       24%         2
 Dazzling Flash           Conj/Hex       0%         N/A       41%         3
 Gell's Gravitas          Tloc           0%         N/A       41%         3
 Teleport Other           Tloc           0%         N/A       41%         3
 Fulminant Prism          Conj/Hex       0%         3d5       80%         4
 Petrify                  Tmut/Erth      0%         N/A       80%         4
 Agony                    Necr           0%         N/A       98%         5
 Irradiate                Conj/Tmut      0%         3d11      98%         5
 Metabolic Englaciation   Hex/Ice        0%         N/A       98%         5
 Silence                  Hex/Air        0%         N/A       98%         5
 Sublimation of Blood     Necr           Unusable   N/A       N/A         2

Inventory:

Hand Weapons
 a - the +4 trident of Byihenko (weapon) {flame, +Blink rElec rCorr} rElec: It insulates you from electricity. +Blink: It lets you blink. rCorr: It protects you from acid and corrosion.
 b - a +0 dagger of distortion
 h - a +0 hand axe of chaos
 u - a +0 halberd
 F - a +1 trident of venom
Missiles
 E - a throwing net {=f}
Armour
 i - a +0 ring mail
 n - a +1 helmet
 v - a +0 pair of boots (worn)
 I - a +2 leather armour (worn)
Magical Staves
 f - a staff of death
 G - a staff of earth
Jewellery
 j - an amulet of guardian spirit (around neck)
 p - an amulet of the acrobat
 s - a +4 ring of protection (left hand)
 H - a ring of wizardry (right hand)
Wands
 m - a wand of flame (7)
 o - a wand of charming (6)
 t - a wand of digging (2)
 J - a wand of iceblast (8)
Scrolls
 d - a scroll of noise {unknown}
 e - 9 scrolls of identify {unknown}
 g - a scroll of enchant weapon {unknown}
 k - 5 scrolls of teleportation {unknown}
 l - 2 scrolls of poison
 q - a scroll of magic mapping {unknown}
 r - 3 scrolls of fear {unknown}
 w - a scroll of amnesia {unknown}
 y - a scroll of silence {unknown}
Potions
 x - 11 potions of curing {unknown}
 z - a potion of invisibility
 A - a potion of attraction {unknown}
 B - a potion of haste {unknown}
 C - 3 potions of might
 D - a potion of lignification {unknown}
Miscellaneous
 c - a piece from Xom's chessboard (15/15) (quivered)

Dungeon Overview and Level Annotations

Branches:
Dungeon (9/15)             Temple (0/1) D:7         Ossuary (visited)
   Lair: D:8-11         Orc: D:9-12

Altars:
Cheibriados
Fedhas
Hepliaklqana
Qazlal
Xom

Shops:
D:3

*
...▒......o.....▒▒▒............
▒.......▒▒▒...▒▒▒.▒▒▒..▒▒.▒.
▒▒.....▒▒ ▒▒...▒...▒....▒▒▒.
▒......▒▒▒▒▒.)▒▒.▒▒▒[).▒▒ ▒▒
▒.▒......▒.▒...▒..▒▒)▒▒▒ ▒
▒.▒...............).[.▒ ▒▒▒▒
..▒▒▒.......▒▒....[..▒▒▒▒... ▒
▒........▒▒▒...))>▒▒▒....
..........Mo▒▒▒▒...▒▒▒..▒..
........▒▒.............▒▒..
..)......▒▒▒▒.....▒....▒▒▒..
.......... ▒...▒.▒▒▒...▒ ▒..
▒▒.....▒. ▒▒.▒▒▒▒▒...▒▒ ▒▒▒ ▒.▒
▒▒▒.▒ ... ▒.. ▒▒.▒ ..▒▒ ... .▒▒


You could see an orc warrior.


Message History

Use which ability? (? or * to list)
Okay, then.
Aiming: Charm
Aim: an orc warrior, wielding a +0 battleaxe and wearing a +0 chain mail (moderately wounded, chance to affect: 49%)
The orc warrior resists with some effort.
The orc warrior barely misses you.
Aiming: Charm
Aim: an orc warrior, wielding a +0 battleaxe and wearing a +0 chain mail (moderately wounded, chance to affect: 49%)
The orc warrior resists with some effort.
The orc warrior hits you with a +0 battleaxe!
* * * LOW HITPOINT WARNING * * *
Aiming: Charm
Aim: an orc warrior, wielding a +0 battleaxe and wearing a +0 chain mail (moderately wounded, chance to affect: 49%)
The orc warrior resists with some effort.
The orc warrior hits you with a +0 battleaxe!
* * * LOW HITPOINT WARNING * * *
Okay, then.
Okay, then.
Aiming: Iceblast
Aim: an orc warrior, wielding a +0 battleaxe and wearing a +0 chain mail (moderately wounded)
Okay, then.
Aiming: Charm
Aim: an orc warrior, wielding a +0 battleaxe and wearing a +0 chain mail (moderately wounded, chance to affect: 49%)
The orc warrior resists with some effort.
The orc warrior completely misses you.
Aiming: Charm
Aim: an orc warrior, wielding a +0 battleaxe and wearing a +0 chain mail (moderately wounded, chance to affect: 49%)
The orc warrior resists with some effort.
The orc warrior hits you with a +0 battleaxe!
You die...

Action                     |  1- 3 |  4- 6 |  7- 9 || total
---------------------------+-------+-------+-------++-------
  Melee: Hand axe          |    47 |       |       ||    47
         Trident           |    36 |   166 |   325 ||   527
         Punch             |       |     1 |     5 ||     6
 Invoke: Depart the Abyss  |       |       |     1 ||     1
  Evoke: Wand              |       |       |    30 ||    30
   Stab: Sleeping          |     1 |     1 |     1 ||     3
         Distracted        |       |     1 |     2 ||     3
         Invisible         |       |       |     5 ||     5
 Armour: Leather armour    |    27 |    55 |   119 ||   201
  Dodge: Dodged            |    41 |    95 |   147 ||   283

Levels and vault maps discovered:
D:1:      amcnicky_arrival_abandoned_market, layout_loops_ring, minmay_cut_off
D:2:      layout_basic, shapermc_ecumenical_altar_mp_urbaneastern, uniq_terence
D:3:      layout_basic, fedhas_altar_3, serial_shops, shop, minmay_quantized,
          uniq_robin, uniq_natasha, uniq_jessica
D:4:      layout_loops_ring
D:5:      layout_layer_cave, mainiacjoe_overflow_brackets, patterned_corridor,
          uniq_grinder
D:6:      layout_basic, enter_ossuary_3, uniq_edmund, uniq_sigmund,
          uniq_eustachio
D:7:      layout_loops_ring, nicolae_overflow_hidden_temple,
          regret_index_temple_of_mockery, temple_green, enter_bailey_2,
          nicolae_benzene_ring, uniq_menkaure
D:8:      layout_cave_pools, uniq_psyche
D:9:      due_chaos_kobolds, layout_gridville, serial_shops, kennysheep_mini

Notes
Turn   | Place    | Note
-------+----------+-------------------------------------------
     0 | D:1      | sanka the Mummy Chaos Knight began the quest for the Orb.
     0 | D:1      | Reached XP level 1. HP: 18/18 MP: 1/1
   111 | D:1      | XOM: divination: detect items
   235 | D:1      | XOM is BORED!
   255 | D:1      | Reached skill level 3 in Axes
   255 | D:1      | Reached XP level 2. HP: 24/24 MP: 2/2
   520 | D:1      | XOM: cloud trail
   793 | D:2      | Identified the +4 trident of Byihenko {flame, +Blink rElec
                  | rCorr}
   861 | D:2      | XOM: silly message
   867 | D:2      | XOM: divination: detect creatures
   869 | D:2      | XOM: cast spell 'Summon Ice Beast'
   888 | D:2      | XOM: god gift: 2 emerald potions {god gift}
   930 | D:2      | XOM: noise
   986 | D:2      | XOM: cast spell 'Summon Cactus Giant'
  1000 | D:2      | Gained mutation: You are in touch with the powers of death.
                  | [Mummy growth]
  1000 | D:2      | Reached XP level 3. HP: 29/29 MP: 3/3
  1046 | D:2      | Reached skill level 1 in Polearms
  1052 | D:2      | Found a faded altar of an unknown god.
  1098 | D:2      | Noticed Terence
  1106 | D:2      | Killed Terence
  1193 | D:2      | Reached skill level 2 in Polearms
  1193 | D:2      | Reached XP level 4. HP: 30/35 MP: 4/4
  1596 | D:3      | Found a blossoming altar of Fedhas.
  1606 | D:3      | Noticed Natasha
  1611 | D:3      | XOM: cast spell 'Summon Dragon'
  1616 | D:3      | XOM: chaos upgrade
  1622 | D:3      | Killed Natasha
  1623 | D:3      | Reached skill level 3 in Polearms
  1627 | D:3      | Reached XP level 5. HP: 39/41 MP: 5/5
  1630 | D:3      | Noticed Robin
  1635 | D:3      | Killed Robin
  1656 | D:3      | Noticed Natasha
  1661 | D:3      | Killed Natasha
  1685 | D:3      | Found Opsiymir's General Store.
  1693 | D:3      | Bought a scroll of poison for 52 gold pieces
  1718 | D:3      | Noticed Natasha
  1721 | D:3      | Killed Natasha
  1908 | D:3      | Noticed Jessica
  1913 | D:3      | Killed Jessica
  1914 | D:3      | Reached skill level 4 in Polearms
  2118 | D:4      | XOM: 6-stop teleportation journey
  2139 | D:4      | Reached XP level 6. HP: 33/47 MP: 3/6
  2648 | D:5      | Entered Level 5 of the Dungeon
  2655 | D:4      | XOM: summons 2 friendly demons
  2906 | D:5      | Reached skill level 5 in Polearms
  2990 | D:5      | XOM: summons friendly iron imp
  3189 | D:5      | XOM: summons 4 hostile shadow creatures
  3391 | D:5      | XOM: summons 6 friendly demons
  3401 | D:5      | Reached XP level 7. HP: 45/52 MP: 7/7
  3410 | D:5      | Reached skill level 6 in Polearms
  3430 | D:5      | XOM: scenery: summon butterflies
  3556 | D:5      | Noticed Grinder
  3561 | D:5      | Killed Grinder
  3606 | D:5      | Reached skill level 7 in Polearms
  3750 | D:5      | XOM: 1-stop teleportation journey
  3778 | D:5      | Reached XP level 8. HP: 56/58 MP: 6/8
  4034 | D:5      | XOM: scenery: create altars
  4280 | D:6      | Reached skill level 8 in Polearms
  4300 | D:6      | Noticed Sigmund
  4301 | D:6      | XOM: summons 8 friendly demons
  4323 | D:6      | Killed Sigmund
  4337 | D:6      | XOM: summons friendly quasit
  4339 | D:6      | HP: 3/58 [gnoll sergeant/+1 trident of venom (8)]
  4340 | D:6      | HP: 1/58 [gnoll sergeant/+1 trident of venom (2)]
  4430 | D:6      | Noticed Edmund
  4433 | D:6      | XOM: divination: detect items
  4464 | D:6      | Killed Edmund
  4465 | D:6      | Reached skill level 9 in Polearms
  4478 | D:6      | XOM: cleaving
  4509 | D:6      | XOM: stat loss: -1 Dex (10/11)
  4559 | D:6      | Found a sand-covered staircase.
  4568 | Ossuary  | Entered an ossuary
  4656 | Ossuary  | XOM: blink monster(s)
  4664 | Ossuary  | Reached XP level 9. HP: 59/63 MP: 9/9
  4689 | Ossuary  | XOM: 5-stop teleportation journey
  4699 | Ossuary  | XOM: 1-stop teleportation journey
  4847 | Ossuary  | XOM: summons 5 hostile demons
  4945 | D:6      | XOM: silly message
  5137 | D:6      | Noticed Eustachio
  5167 | D:6      | Killed Eustachio
  5168 | D:6      | Reached skill level 10 in Polearms
  5304 | D:6      | XOM: god gift: Qufikixa's Handbook of the Evil Eye {god
                  | gift}
  5305 | D:6      | Got Qufikixa's Handbook of the Evil Eye {god gift}
  5400 | D:7      | Found a shimmering altar of Xom.
  5401 | D:7      | Found a hazy altar of Hepliaklqana.
  5402 | D:7      | Noticed a spectral ugly thing
  5450 | D:7      | XOM: god gift: book of Displacement
  5482 | D:7      | XOM: noise
  5515 | D:7      | XOM: potion effect (invisibility)
  5544 | D:7      | Found a snail-covered altar of Cheibriados.
  5544 | D:7      | Found a stormy altar of Qazlal.
  5556 | D:7      | XOM: polymorph orc -> goblin
  5632 | D:7      | Noticed Menkaure
  5633 | D:7      | XOM: scenery: create altars
  5641 | D:7      | Killed Menkaure
  5824 | D:7      | XOM: summons friendly shadow imp
  5877 | D:7      | Found a staircase to the Ecumenical Temple.
  5898 | D:7      | XOM: divination: detect creatures
  6322 | D:8      | Noticed Psyche
  6324 | D:8      | XOM: divination: detect items
  6332 | Abyss:1  | Cast into level 1 of the Abyss (Psyche)
  6347 | Abyss:1  | Found a corrupted altar of Lugonu.
  6355 | Abyss:1  | Fell from the grace of Xom
  6355 | Abyss:1  | Became a worshipper of Lugonu the Unformed
  6355 | Abyss:1  | Reached * piety under Lugonu
  6355 | Abyss:1  | Reached ** piety under Lugonu
  6363 | Abyss:1  | Noticed a tentacled starspawn
  6367 | D:8      | Escaped the Abyss
  6371 | D:8      | Killed Psyche
  6372 | D:8      | Reached skill level 1 in Invocations
  6491 | D:8      | Reached skill level 2 in Invocations
  6778 | D:9      | Reached skill level 4 in Fighting
  6778 | D:9      | Reached skill level 3 in Invocations
  6996 | D:8      | HP: 2/65 [orc warrior/+0 battleaxe (8)]
  6998 | D:8      | Mangled by an orc warrior

Vanquished Creatures
  Psyche (D:8)
  Grinder (D:5)
  Sigmund (D:6)
  Eustachio (D:6)
  A wraith (Ossuary)
  Menkaure (D:7)
  Edmund (D:6)
  A water moccasin (D:8)
  A black bear (D:7)
  An ice beast (D:7)
  An ogre (D:6)
  2 phantoms
  A bullfrog (D:6)
  A kobold brigand (D:6)
  A scorpion (D:5)
  A gnoll sergeant (D:8)
  4 killer bees (D:5)
  A howler monkey (D:6)
  2 hounds
  A jelly (D:7)
  5 orc priests
  A gnoll bouda (D:5)
  Terence (D:2)
  Jessica (D:3)
  5 iguanas
  8 orc wizards
  A mummy (Ossuary)
  Robin (D:3)
  18 gnolls
  7 adders
  A shadow imp (D:7)
  A white imp (D:5)
  2 ufetubi
  2 worms
  2 dart slugs (D:3)
  17 orcs
  7 endoplasms
  2 giant cockroaches
  9 goblins
  2 hobgoblins
  A jackal (D:1)
  A quokka (D:5)
  6 ball pythons
  2 bats (D:2)
  7 frilled lizards
  8 gnoll skeletons (Ossuary)
  14 kobolds
  6 kobold skeletons (Ossuary)
  11 orc skeletons (Ossuary)
  5 rats
179 creatures vanquished.

Vanquished Creatures (collateral kills)
  A gnoll sergeant (D:6)
  A killer bee (D:5)
  A jelly (D:6)
  A hound (D:6)
  Natasha (thrice) (D:3)
  An orc wizard (D:8)
  An iguana (D:4)
  3 gnolls (D:6)
  2 orcs
  2 bats
  7 goblins (D:3)
  6 hobgoblins (D:3)
  A quokka (D:3)
  A kobold (D:3)
31 creatures vanquished.

Vanquished Creatures (others)
  A gnoll sergeant (D:6)
  16 fungi
  14 plants
31 creatures vanquished.

Grand Total: 241 creatures vanquished
